Flames vs Kraken
Created - March 23, 2025 at 23:19
Goals
|
| Flames |
2 |
2 |
1 |
5 |
| Kraken |
1 |
1 |
0 |
2 |
|
Shots
|
| Flames |
12 |
17 |
8 |
37 |
| Kraken |
14 |
11 |
6 |
31 |
|
1st period
1. Kraken , Brendan Gallagher 31 (Ryan Nugent-Hopkins 38, Brendan Lemieux 30) at 10:26
2. Flames , Jimmy Hayes 25 (Esa Lindell 26) at 10:57
3. Flames , Sami Vatanen 10 (Eric Staal 40, Christopher Gibson) at 19:41 (PP)
Penalties :
Olli Maatta (Sea) for Interference (Minor) at 4:21, Jake DeBrusk (Cal) for Tripping (Minor) at 11:03, Gustav Nyquist (Sea) for Tripping (Minor) at 19:32
2nd period
4. Flames , Jimmy Hayes 26 (Patrik Berglund 23) at 4:51
5. Kraken , Gustav Nyquist 6 (Logan Couture 18, Tyler Bertuzzi 17) at 5:03
6. Flames , Christian Folin 5 (Jimmy Hayes 42, Esa Lindell 27) at 14:38
Penalties :
Jamie Oleksiak (Sea) for Holding Stick (Minor) at 2:21, Colby Robak (Cal) for Holding (Minor) at 17:50
3rd period
7. Flames , Jimmy Hayes 27 (Sami Vatanen 36, Jake DeBrusk 28) at 18:53
Penalties :
Esa Lindell (Cal) for Close Hand On Puck (Minor) at 5:04, Colby Robak (Cal) for Roughing (Minor) at 7:22, Andrei Loktionov (Sea) for Kneeing (Major) at 7:45
Goalie Stats
Christopher Gibson (Cal), 29 saves from 31 shots - (0.935), W, 28-18-3, 60:00 minutes
Ebbe Siönäs (Sea), 32 saves from 37 shots - (0.865), L, 4-3-2, 60:00 minutes
Players Stats for Flames
Player Name G A P +/- PIM S H SB GA TA FO MP PP MP PK MP
------------------------------------------------------------------------------------
Anders Lee 0 0 0 -1 0 0 1 0 0 0 1/2 8:23 0:08 1:04
Bryan Rust 0 0 0 0 0 2 2 0 1 0 0/1 22:54 4:36 3:48
Christian Folin 1 0 1 2 0 2 1 0 0 0 0/0 18:56 0:23 2:45
Colby Robak 0 0 0 0 4 2 1 2 0 1 0/0 12:52 1:08 0:15
David Ullstrom 0 0 0 -1 0 0 0 0 1 0 0/0 10:01 0:22 2:18
Eric Staal 0 1 1 0 0 4 1 0 0 0 16/27 20:45 4:17 1:29
Erik Johnson 0 0 0 0 0 1 1 0 3 0 0/0 28:14 4:19 4:21
Esa Lindell 0 2 2 2 2 2 2 0 0 0 0/0 19:23 2:29 1:44
Evgeny Svechnikov 0 0 0 -1 0 4 3 0 0 0 0/1 8:32 1:01 0:00
Jake DeBrusk 0 1 1 0 2 5 4 0 0 0 0/0 19:16 4:08 0:00
Jimmy Hayes 3 1 4 3 0 4 2 0 1 0 0/1 14:44 2:23 0:00
Kevin Labanc 0 0 0 0 0 1 2 0 1 0 0/0 11:54 0:46 0:00
Matthew Nieto 0 0 0 0 0 1 1 3 1 0 0/0 11:02 0:00 0:14
Patrik Berglund 0 1 1 3 0 2 1 0 0 0 10/15 18:52 2:23 3:47
Rasmus Andersson 0 0 0 0 0 1 0 1 0 0 0/0 13:20 2:25 0:00
Sami Vatanen 1 1 2 0 0 4 1 2 0 0 0/0 27:21 4:19 3:35
Tanner Pearson 0 0 0 3 0 2 0 0 0 0 0/1 14:44 2:23 0:00
Victor Rask 0 0 0 0 0 0 2 0 0 0 1/5 10:47 0:00 0:00
Players Stats for Kraken
Player Name G A P +/- PIM S H SB GA TA FO MP PP MP PK MP
------------------------------------------------------------------------------------
Andrei Loktionov 0 0 0 -1 5 2 4 0 0 1 5/12 15:27 3:15 0:00
Brendan Gallagher 1 0 1 1 0 2 3 2 0 0 1/3 20:51 3:02 3:21
Brendan Lemieux 0 1 1 0 0 4 1 0 1 0 1/2 18:46 3:04 1:07
Erik Gudbranson 0 0 0 0 0 1 0 2 0 1 0/0 25:13 3:08 5:03
Gustav Nyquist 1 0 1 -1 2 3 0 0 0 1 1/1 11:39 0:00 1:15
Jalen Chatfield 0 0 0 -1 0 2 0 1 0 0 0/0 15:50 0:00 1:14
Jamie Oleksiak 0 0 0 -1 2 1 1 1 0 0 0/0 15:46 0:00 0:27
JT Compher 0 0 0 -1 0 1 1 0 0 0 0/0 7:58 0:00 0:00
Kyle Rau 0 0 0 -2 0 2 1 0 0 0 2/4 12:44 0:00 3:31
Logan Couture 0 1 1 0 0 2 1 0 0 1 5/14 13:03 0:05 2:19
Marcus Johansson 0 0 0 -1 0 2 1 0 0 0 0/0 15:27 3:16 0:00
Nikita Zaitsev 0 0 0 -1 0 3 3 1 0 0 0/0 19:43 3:12 2:20
Olli Maatta 0 0 0 -1 2 1 1 0 0 1 0/0 18:56 3:12 1:29
Ryan Nugent-Hopkins 0 1 1 1 0 0 3 1 0 0 9/15 18:25 3:04 1:12
Tyler Bertuzzi 0 1 1 0 0 2 1 0 0 2 0/0 12:56 0:00 2:15
Victor Olofsson 0 0 0 -1 0 0 0 0 0 0 0/0 7:58 0:00 0:00
Zach Bogosian 0 0 0 0 0 1 1 2 0 1 0/0 24:44 3:08 4:27
Zach Hyman 0 0 0 -1 0 2 2 0 0 0 1/2 15:24 3:13 0:00
3 Stars
1 - Jimmy Hayes (Cal)
2 - Sami Vatanen (Cal)
3 - Christian Folin (Cal)
Power Play
Flames - 1 on 4 Attempt(s) - 25.00%
Kraken - 0 on 4 Attempt(s) - 0.00%
Penalty Kill
Flames - 4 on 4 Attempt(s) - 100.00%
- Score 0 goal in Penalty Kill
Kraken - 3 on 4 Attempt(s) - 75.00%
- Score 0 goal in Penalty Kill
Team Stat
Flames - Hits : 25 - Faceoff Wins : 28 - Blocked Shots : 8 - Penalty Minutes : 8
Kraken - Hits : 24 - Faceoff Wins : 25 - Blocked Shots : 10 - Penalty Minutes : 11
Official
Referees : Justin St. Pierre and Kevin Pollock
Linesman : Travis Toomey and David Brisebois
Game Notes
Jimmy Hayes has scored a Hat Trick!
Finance
Level 1 -- Attendance: 5426 (90.43%) -- Ticket Income $542,600
Level 2 -- Attendance: 4910 (98.20%) -- Ticket Income $343,700
Level 3 -- Attendance: 2000 (100.00%) -- Ticket Income $80,000
Level 4 -- Attendance: 4000 (100.00%) -- Ticket Income $120,000
Luxury Box -- Attendance: 954 (95.40%) -- Ticket Income $190,800
Game was played at the Climate Pledge Arena.
Total Attendance: 17290 (96.06%)
Total Ticket Income: $1,277,100
Other Income: $191,565
Total Income: $1,468,665
Flames
5 vs 5 Forward
Center Left Wing Right Wing Time % Phy DF OF
1 Eric Staal Jake DeBrusk Bryan Rust 40 1 2 2
2 Patrik Berglund Tanner Pearson Jimmy Hayes 30 1 2 2
3 Victor Rask Matthew Nieto Kevin Labanc 20 1 2 2
4 Anders Lee David Ullstrom Evgeny Svechnikov 10 1 2 2
5 vs 5 Defense
Defense Defense Time % Phy DF OF
1 Sami Vatanen Erik Johnson 40 1 2 2
2 Esa Lindell Christian Folin 30 1 2 2
3 Colby Robak Rasmus Andersson 20 1 2 2
4 Sami Vatanen Erik Johnson 10 1 2 2
PowerPlay Forward
Center Left Wing Right Wing Time % Phy DF OF
1 Eric Staal Jake DeBrusk Bryan Rust 60 1 1 3
2 Patrik Berglund Tanner Pearson Jimmy Hayes 40 1 1 3
PowerPlay Defense
Defense Defense Time % Phy DF OF
1 Sami Vatanen Erik Johnson 60 1 1 3
2 Esa Lindell Rasmus Andersson 40 1 1 3
Penalty Kill 4 Players Forward
Center Wing Time % Phy DF OF
1 Patrik Berglund Bryan Rust 60 1 3 1
2 Eric Staal David Ullstrom 40 1 3 1
Penalty Kill 4 Players Defense
Defense Defense Time % Phy DF OF
1 Sami Vatanen Erik Johnson 60 1 3 1
2 Esa Lindell Christian Folin 40 1 3 1
Penalty Kill - 3 Players Forward
Forward Time % Phy DF OF
1 Patrik Berglund 60 1 2 2
2 Eric Staal 40 1 2 2
Penalty Kill - 3 Players Defense
Defense Defense Time % Phy DF OF
1 Sami Vatanen Erik Johnson 60 1 2 2
2 Esa Lindell Christian Folin 40 1 2 2
4 vs 4 Forward
Center Wing Time % Phy DF OF
1 Eric Staal Jake DeBrusk 60 1 2 2
2 Patrik Berglund Bryan Rust 40 1 2 2
4 vs 4 Defense
Defense Defense Time % Phy DF OF
1 Sami Vatanen Erik Johnson 60 1 2 2
2 Esa Lindell Christian Folin 40 1 2 2
Last Minutes Offensive
Center Left Wing Right Wing Defense Defense
Eric Staal Jake DeBrusk Bryan Rust Sami Vatanen Erik Johnson
Last Minutes Defensive
Center Left Wing Right Wing Defense Defense
Eric Staal Jake DeBrusk Bryan Rust Sami Vatanen Erik Johnson
Goaltenders
Starting : Christopher Gibson
Backup : Michael Hutchinson
Extra Forwards
Normal : Evgeny Svechnikov, Kevin Labanc, David Ullstrom - PP : Evgeny Svechnikov, Kevin Labanc - PK : Bryan Rust
Extra Defensemen
Normal : Erik Johnson, Rasmus Andersson, Esa Lindell - PP : Colby Robak - PK : Erik Johnson, Colby Robak
Penalty Shots
Eric Staal, Patrik Berglund, Bryan Rust, Jimmy Hayes, Jake DeBrusk
Custom OT Lines Forwards
Eric Staal, Patrik Berglund, Bryan Rust, Jimmy Hayes, Jake DeBrusk, Kevin Labanc, Tanner Pearson, Evgeny Svechnikov, David Ullstrom, Victor Rask
Custom OT Lines Defensemen
Sami Vatanen, Erik Johnson, Esa Lindell, Christian Folin, Colby Robak
Scratches
Brad Marchand (Left Ankle Injury), Kyle Palmieri (Healthy)
Kraken
5 vs 5 Forward
Center Left Wing Right Wing Time % Phy DF OF
1 Ryan Nugent-Hopkins Brendan Lemieux Brendan Gallagher 40 0 1 4
2 Andrei Loktionov Marcus Johansson Zach Hyman 30 0 2 3
3 Logan Couture Tyler Bertuzzi Gustav Nyquist 25 0 2 3
4 Kyle Rau JT Compher Victor Olofsson 5 1 2 2
5 vs 5 Defense
Defense Defense Time % Phy DF OF
1 Erik Gudbranson Zach Bogosian 40 0 3 2
2 Olli Maatta Nikita Zaitsev 30 0 3 2
3 Jamie Oleksiak Jalen Chatfield 29 0 3 2
4 Jamie Oleksiak Jalen Chatfield 1 0 3 2
PowerPlay Forward
Center Left Wing Right Wing Time % Phy DF OF
1 Ryan Nugent-Hopkins Brendan Lemieux Brendan Gallagher 50 0 1 4
2 Andrei Loktionov Marcus Johansson Zach Hyman 50 0 1 4
PowerPlay Defense
Defense Defense Time % Phy DF OF
1 Erik Gudbranson Zach Bogosian 50 0 1 4
2 Olli Maatta Nikita Zaitsev 50 0 1 4
Penalty Kill 4 Players Forward
Center Wing Time % Phy DF OF
1 Logan Couture Tyler Bertuzzi 55 1 3 1
2 Kyle Rau Brendan Gallagher 45 1 3 1
Penalty Kill 4 Players Defense
Defense Defense Time % Phy DF OF
1 Erik Gudbranson Zach Bogosian 55 1 3 1
2 Olli Maatta Nikita Zaitsev 45 1 3 1
Penalty Kill - 3 Players Forward
Forward Time % Phy DF OF
1 Ryan Nugent-Hopkins 50 1 3 1
2 Andrei Loktionov 50 1 3 1
Penalty Kill - 3 Players Defense
Defense Defense Time % Phy DF OF
1 Olli Maatta Nikita Zaitsev 50 1 3 1
2 Jalen Chatfield Jamie Oleksiak 50 1 3 1
4 vs 4 Forward
Center Wing Time % Phy DF OF
1 Andrei Loktionov Tyler Bertuzzi 50 1 2 2
2 Logan Couture Gustav Nyquist 50 1 2 2
4 vs 4 Defense
Defense Defense Time % Phy DF OF
1 Olli Maatta Nikita Zaitsev 50 1 2 2
2 Jalen Chatfield Jamie Oleksiak 50 1 2 2
Last Minutes Offensive
Center Left Wing Right Wing Defense Defense
Ryan Nugent-Hopkins Marcus Johansson Brendan Lemieux Erik Gudbranson Zach Bogosian
Last Minutes Defensive
Center Left Wing Right Wing Defense Defense
Logan Couture Tyler Bertuzzi Zach Hyman Olli Maatta Nikita Zaitsev
Goaltenders
Starting : Ebbe Siönäs
Backup : Laurent Brossoit
Extra Forwards
Normal : Logan Couture, Tyler Bertuzzi, Kyle Rau - PP : Logan Couture, Tyler Bertuzzi - PK : Gustav Nyquist
Extra Defensemen
Normal : Nikita Zaitsev, Jalen Chatfield, Olli Maatta - PP : Jamie Oleksiak - PK : Jalen Chatfield, Olli Maatta
Penalty Shots
Zach Hyman, Logan Couture, Brendan Gallagher, Ryan Nugent-Hopkins, Marcus Johansson
Custom OT Lines Forwards
Ryan Nugent-Hopkins, Brendan Gallagher, Brendan Lemieux, Andrei Loktionov, Marcus Johansson, Tyler Bertuzzi, Logan Couture, Kyle Rau, Zach Hyman, JT Compher
Custom OT Lines Defensemen
Erik Gudbranson, Zach Bogosian, Olli Maatta, Nikita Zaitsev, Jamie Oleksiak
Scratches
Gabriel Bourque (Healthy)
% Time on Ice - Flames
Lines # - Real PCT - Wanted PCT - Time Play
Normal Forward
1 - 32% - 40% - 14:15
2 - 28% - 30% - 12:22
3 - 24% - 20% - 10:47
4 - 16% - 10% - 7:10
Normal Defense
1 - 39% - 40% - 17:36
2 - 38% - 30% - 16:47
3 - 21% - 20% - 9:27
4 - 2% - 10% - 0:44
PP Forward
1 - 68% - 60% - 5:07
2 - 32% - 40% - 2:23
PP Defense
1 - 58% - 60% - 4:19
2 - 42% - 40% - 3:11
PK Forward
1 - 77% - 60% - 4:51
2 - 23% - 40% - 1:29
PK Defense
1 - 57% - 60% - 3:35
2 - 43% - 40% - 2:45
PK3 Forward
1 - 0% - 60%
2 - 0% - 40%
PK3 Defense
1 - 0% - 60%
2 - 0% - 40%
44 Forward
1 - 83% - 60% - 1:20
2 - 17% - 40% - 0:16
44 Defense
1 - 83% - 60% - 1:20
2 - 17% - 40% - 0:16
Last Minute Offensive - 0:00
Last Minute Defensive - 0:00
Total
Forward - 60:00
Defense - 60:00
|
% Time on Ice - Kraken
Lines # - Real PCT - Wanted PCT - Time Play
Normal Forward
1 - 32% - 40% - 14:09
2 - 28% - 30% - 12:38
3 - 22% - 25% - 9:49
4 - 18% - 5% - 7:58
Normal Defense
1 - 38% - 40% - 17:09
2 - 31% - 30% - 13:40
3 - 31% - 29% - 13:45
4 - 0% - 1% - 0:00
PP Forward
1 - 48% - 50% - 3:04
2 - 52% - 50% - 3:16
PP Defense
1 - 49% - 50% - 3:08
2 - 51% - 50% - 3:12
PK Forward
1 - 55% - 55% - 4:09
2 - 45% - 45% - 3:21
PK Defense
1 - 63% - 55% - 4:43
2 - 37% - 45% - 2:47
PK3 Forward
1 - 0% - 50%
2 - 0% - 50%
PK3 Defense
1 - 0% - 50%
2 - 0% - 50%
44 Forward
1 - 68% - 50% - 1:05
2 - 32% - 50% - 0:31
44 Defense
1 - 35% - 50% - 0:34
2 - 65% - 50% - 1:02
Last Minute Offensive - 0:00
Last Minute Defensive - 0:00
Total
Forward - 60:00
Defense - 60:00
|
Play-by-Play
1st period
0:01 of 1st period - Ryan Nugent-Hopkins wins face-off versus Bryan Rust in neutral zone.
0:03 of 1st period - Off-side.
0:04 of 1st period - Ryan Nugent-Hopkins wins face-off versus Eric Staal in neutral zone.
0:41 of 1st period - Wrist shot by Jimmy Hayes.
0:41 of 1st period - Shot Misses the Net.
0:45 of 1st period - Wrist shot by Patrik Berglund.
0:45 of 1st period - Shot Misses the Net.
1:58 of 1st period - Erik Gudbranson is hit by Jimmy Hayes and loses puck.
2:26 of 1st period - Slapshot by Logan Couture.
2:26 of 1st period - Deflect By Gustav Nyquist.
2:26 of 1st period - Stopped by Christopher Gibson with a rebound.
2:28 of 1st period - Backhand shot by Logan Couture.
2:28 of 1st period - Stopped by Christopher Gibson with a rebound.
2:38 of 1st period - Slapshot by Sami Vatanen.
2:38 of 1st period - Shot Misses the Net.
4:13 of 1st period - Wrist shot by Evgeny Svechnikov.
4:13 of 1st period - Stopped by Ebbe Siönäs with a rebound.
4:21 of 1st period - Minor Penalty to Olli Maatta for Interference.
4:22 of 1st period - Eric Staal wins face-off versus Logan Couture in Kraken zone.
4:23 of 1st period - Snap shot by Jake DeBrusk.
4:23 of 1st period - Deflect By Eric Staal.
4:23 of 1st period - Shot Misses the Net.
4:23 of 1st period - Puck is out of play.
4:24 of 1st period - Eric Staal wins face-off versus Logan Couture in Kraken zone.
4:44 of 1st period - Bryan Rust is hit by Zach Bogosian and loses puck.
6:01 of 1st period - Slapshot by Gustav Nyquist.
6:01 of 1st period - Stopped by Christopher Gibson without a rebound.
6:02 of 1st period - Gustav Nyquist wins face-off versus Patrik Berglund in Flames zone.
6:21 of 1st period - Penalty to Olli Maatta is over, Olli Maatta is back on ice.
7:16 of 1st period - Jimmy Hayes is hit by Brendan Gallagher and loses puck.
7:40 of 1st period - Snap shot by JT Compher.
7:40 of 1st period - Shot Blocked by Matthew Nieto.
7:56 of 1st period - Snap shot by Marcus Johansson.
7:56 of 1st period - Shot Misses the Net.
8:02 of 1st period - Andrei Loktionov is hit by Esa Lindell and loses puck.
8:13 of 1st period - Backhand shot by Logan Couture.
8:13 of 1st period - Deflect By Colby Robak.
8:13 of 1st period - Stopped by Christopher Gibson without a rebound.
8:14 of 1st period - Logan Couture wins face-off versus Victor Rask in Flames zone.
8:15 of 1st period - Wrist shot by Tyler Bertuzzi.
8:15 of 1st period - Stopped by Christopher Gibson with a rebound.
8:17 of 1st period - Snap shot by Nikita Zaitsev.
8:17 of 1st period - Stopped by Christopher Gibson with a rebound.
8:39 of 1st period - Slapshot by Bryan Rust.
8:39 of 1st period - Shot Blocked by Brendan Gallagher.
8:41 of 1st period - Slapshot by Colby Robak.
8:41 of 1st period - Stopped by Ebbe Siönäs with a rebound.
8:43 of 1st period - Slapshot by Bryan Rust.
8:43 of 1st period - Shot Misses the Net.
8:45 of 1st period - Wrist shot by Bryan Rust.
8:45 of 1st period - Shot Blocked by Nikita Zaitsev.
8:47 of 1st period - Wrist shot by Jake DeBrusk.
8:47 of 1st period - Stopped by Ebbe Siönäs with a rebound.
9:13 of 1st period - Snap shot by Marcus Johansson.
9:13 of 1st period - Stopped by Christopher Gibson with a rebound.
9:29 of 1st period - Snap shot by Kevin Labanc.
9:29 of 1st period - Stopped by Ebbe Siönäs with a rebound.
10:04 of 1st period - Snap shot by Evgeny Svechnikov.
10:04 of 1st period - Stopped by Ebbe Siönäs with a rebound.
10:06 of 1st period - Slapshot by Rasmus Andersson.
10:06 of 1st period - Deflect By Evgeny Svechnikov.
10:06 of 1st period - Stopped by Ebbe Siönäs without a rebound.
10:07 of 1st period - Anders Lee wins face-off versus Ryan Nugent-Hopkins in Kraken zone.
10:20 of 1st period - Wrist shot by Ryan Nugent-Hopkins.
10:20 of 1st period - Deflect By Brendan Lemieux.
10:20 of 1st period - Stopped by Christopher Gibson with a rebound.
10:22 of 1st period - Slapshot by Brendan Lemieux.
10:22 of 1st period - Stopped by Christopher Gibson with a rebound.
10:24 of 1st period - Wrist shot by Ryan Nugent-Hopkins.
10:24 of 1st period - Shot Blocked by Colby Robak.
10:26 of 1st period - Slapshot by Brendan Gallagher.
10:26 of 1st period - Goal by Brendan Gallagher - Flames : 0 - Kraken : 1.
10:27 of 1st period - Eric Staal wins face-off versus Ryan Nugent-Hopkins in neutral zone.
10:57 of 1st period - Wrist shot by Jimmy Hayes.
10:57 of 1st period - Goal by Jimmy Hayes - Flames : 1 - Kraken : 1.
10:58 of 1st period - Ryan Nugent-Hopkins wins face-off versus Eric Staal in neutral zone.
10:58 of 1st period - Ryan Nugent-Hopkins is hit by Jake DeBrusk.
11:03 of 1st period - Minor Penalty to Jake DeBrusk for Tripping.
11:04 of 1st period - Ryan Nugent-Hopkins wins face-off versus Patrik Berglund in Flames zone.
11:31 of 1st period - Sami Vatanen is hit by Andrei Loktionov and loses puck.
12:40 of 1st period - David Ullstrom is hit by Marcus Johansson and loses puck.
13:03 of 1st period - Penalty to Jake DeBrusk is over, Jake DeBrusk is back on ice.
13:17 of 1st period - Colby Robak is hit by Olli Maatta and loses puck.
14:25 of 1st period - Jamie Oleksiak is hit by Jake DeBrusk and loses puck.
14:36 of 1st period - Brendan Lemieux is hit by Evgeny Svechnikov and loses puck.
14:53 of 1st period - Patrik Berglund is hit by Nikita Zaitsev and loses puck.
15:06 of 1st period - Jalen Chatfield is hit by Eric Staal and loses puck.
16:11 of 1st period - Wrist shot by Eric Staal.
16:11 of 1st period - Shot Misses the Net.
16:25 of 1st period - Snap shot by Tanner Pearson.
16:25 of 1st period - Shot Misses the Net.
16:27 of 1st period - Snap shot by Jimmy Hayes.
16:27 of 1st period - Stopped by Ebbe Siönäs with a rebound.
16:55 of 1st period - Kyle Rau is hit by Esa Lindell and loses puck.
17:06 of 1st period - Snap shot by Evgeny Svechnikov.
17:06 of 1st period - Stopped by Ebbe Siönäs with a rebound.
17:29 of 1st period - Wrist shot by Victor Olofsson.
17:29 of 1st period - Deflect By Bryan Rust.
17:29 of 1st period - Shot Blocked by Rasmus Andersson.
17:29 of 1st period - Puck is out of play.
17:30 of 1st period - Brendan Gallagher wins face-off versus Patrik Berglund in Flames zone.
17:35 of 1st period - Snap shot by Brendan Gallagher.
17:35 of 1st period - Shot Blocked by Sami Vatanen.
17:41 of 1st period - Slapshot by Brendan Lemieux.
17:41 of 1st period - Stopped by Christopher Gibson with a rebound.
17:57 of 1st period - Ryan Nugent-Hopkins is hit by Victor Rask and loses puck.
18:04 of 1st period - Victor Rask is hit by Ryan Nugent-Hopkins and loses puck.
18:19 of 1st period - Slapshot by Brendan Gallagher.
18:19 of 1st period - Stopped by Christopher Gibson with a rebound.
18:21 of 1st period - Slapshot by Jamie Oleksiak.
18:21 of 1st period - Stopped by Christopher Gibson with a rebound.
18:23 of 1st period - Slapshot by Jalen Chatfield.
18:23 of 1st period - Stopped by Christopher Gibson with a rebound.
18:33 of 1st period - Snap shot by Kevin Labanc.
18:33 of 1st period - Shot Misses the Net.
18:35 of 1st period - Wrist shot by Sami Vatanen.
18:35 of 1st period - Stopped by Ebbe Siönäs without a rebound.
18:36 of 1st period - Eric Staal wins face-off versus Andrei Loktionov in Kraken zone.
19:03 of 1st period - Esa Lindell is hit by Jamie Oleksiak.
19:14 of 1st period - Off-side.
19:15 of 1st period - Eric Staal wins face-off versus Andrei Loktionov in neutral zone.
19:29 of 1st period - Snap shot by Bryan Rust.
19:29 of 1st period - Stopped by Ebbe Siönäs without a rebound.
19:30 of 1st period - Logan Couture wins face-off versus Patrik Berglund in Kraken zone.
19:32 of 1st period - Minor Penalty to Gustav Nyquist for Tripping.
19:33 of 1st period - Logan Couture wins face-off versus Eric Staal in Kraken zone.
19:41 of 1st period - Slapshot by Sami Vatanen.
19:41 of 1st period - Goal by Sami Vatanen - Flames : 2 - Kraken : 1.
19:42 of 1st period - Brendan Lemieux wins face-off versus Eric Staal in neutral zone.
Goals for this period are 2 for Flames vs 1 for Kraken.
Shots for this period are 12 for Flames vs 14 for Kraken.
2nd period
0:01 of 2nd period - Eric Staal wins face-off versus Brendan Gallagher in neutral zone.
0:03 of 2nd period - Off-side.
0:04 of 2nd period - Eric Staal wins face-off versus Ryan Nugent-Hopkins in neutral zone.
0:19 of 2nd period - Wrist shot by Jake DeBrusk.
0:19 of 2nd period - Shot Blocked by Ryan Nugent-Hopkins.
0:33 of 2nd period - Snap shot by Andrei Loktionov.
0:33 of 2nd period - Stopped by Christopher Gibson without a rebound.
0:34 of 2nd period - Patrik Berglund wins face-off versus Zach Hyman in Flames zone.
0:34 of 2nd period - Patrik Berglund is hit by Andrei Loktionov.
1:05 of 2nd period - Slapshot by Tanner Pearson.
1:05 of 2nd period - Stopped by Ebbe Siönäs with a rebound.
1:07 of 2nd period - Slapshot by Jimmy Hayes.
1:07 of 2nd period - Shot Misses the Net.
1:45 of 2nd period - Slapshot by Patrik Berglund.
1:45 of 2nd period - Stopped by Ebbe Siönäs without a rebound.
1:46 of 2nd period - Ryan Nugent-Hopkins wins face-off versus Eric Staal in Kraken zone.
1:57 of 2nd period - Erik Johnson is hit by Brendan Gallagher and loses puck.
2:18 of 2nd period - Snap shot by Eric Staal.
2:18 of 2nd period - Stopped by Ebbe Siönäs without a rebound.
2:19 of 2nd period - Kyle Rau wins face-off versus Victor Rask in Kraken zone.
2:21 of 2nd period - Minor Penalty to Jamie Oleksiak for Holding Stick.
2:22 of 2nd period - Eric Staal wins face-off versus Logan Couture in Kraken zone.
2:39 of 2nd period - Icing by Bryan Rust.
2:40 of 2nd period - Kyle Rau wins face-off versus Eric Staal in Flames zone.
3:03 of 2nd period - Snap shot by Bryan Rust.
3:03 of 2nd period - Shot Blocked by Zach Bogosian.
3:05 of 2nd period - Slapshot by Jake DeBrusk.
3:05 of 2nd period - Stopped by Ebbe Siönäs with a rebound.
3:07 of 2nd period - Snap shot by Bryan Rust.
3:07 of 2nd period - Shot Blocked by Erik Gudbranson.
3:09 of 2nd period - Wrist shot by Erik Johnson.
3:09 of 2nd period - Shot Blocked by Brendan Gallagher.
4:19 of 2nd period - Snap shot by Eric Staal.
4:19 of 2nd period - Shot Misses the Net.
4:21 of 2nd period - Penalty to Jamie Oleksiak is over, Jamie Oleksiak is back on ice.
4:23 of 2nd period - Snap shot by Eric Staal.
4:23 of 2nd period - Stopped by Ebbe Siönäs with a rebound.
4:25 of 2nd period - Slapshot by Sami Vatanen.
4:25 of 2nd period - Deflect By Erik Gudbranson.
4:25 of 2nd period - Stopped by Ebbe Siönäs with a rebound.
4:27 of 2nd period - Slapshot by Erik Johnson.
4:27 of 2nd period - Shot Blocked by Erik Gudbranson.
4:29 of 2nd period - Wrist shot by Bryan Rust.
4:29 of 2nd period - Stopped by Ebbe Siönäs with a rebound.
4:31 of 2nd period - Slapshot by Sami Vatanen.
4:31 of 2nd period - Deflect By Eric Staal.
4:31 of 2nd period - Shot Misses the Net.
4:31 of 2nd period - Puck is out of play.
4:32 of 2nd period - Patrik Berglund wins face-off versus Logan Couture in Kraken zone.
4:39 of 2nd period - Slapshot by Tanner Pearson.
4:39 of 2nd period - Shot Blocked by Jamie Oleksiak.
4:41 of 2nd period - Snap shot by Jimmy Hayes.
4:41 of 2nd period - Shot Misses the Net.
4:43 of 2nd period - Slapshot by Christian Folin.
4:43 of 2nd period - Stopped by Ebbe Siönäs without a rebound.
4:44 of 2nd period - Patrik Berglund wins face-off versus Logan Couture in Kraken zone.
4:51 of 2nd period - Wrist shot by Jimmy Hayes.
4:51 of 2nd period - Goal by Jimmy Hayes - Flames : 3 - Kraken : 1.
4:52 of 2nd period - Logan Couture wins face-off versus Tanner Pearson in neutral zone.
5:03 of 2nd period - Snap shot by Gustav Nyquist.
5:03 of 2nd period - Goal by Gustav Nyquist - Flames : 3 - Kraken : 2.
5:04 of 2nd period - Patrik Berglund wins face-off versus Andrei Loktionov in neutral zone.
5:06 of 2nd period - Off-side.
5:07 of 2nd period - Andrei Loktionov wins face-off versus Jimmy Hayes in neutral zone.
5:42 of 2nd period - Slapshot by Brendan Lemieux.
5:42 of 2nd period - Stopped by Christopher Gibson without a rebound.
5:43 of 2nd period - Eric Staal wins face-off versus Ryan Nugent-Hopkins in Flames zone.
5:48 of 2nd period - Slapshot by Esa Lindell.
5:48 of 2nd period - Stopped by Ebbe Siönäs with a rebound.
6:11 of 2nd period - Slapshot by Bryan Rust.
6:11 of 2nd period - Shot Blocked by Jalen Chatfield.
7:05 of 2nd period - Esa Lindell is hit by Brendan Lemieux and loses puck.
7:16 of 2nd period - Wrist shot by Jake DeBrusk.
7:16 of 2nd period - Stopped by Ebbe Siönäs without a rebound.
7:17 of 2nd period - Patrik Berglund wins face-off versus Logan Couture in Kraken zone.
8:10 of 2nd period - Anders Lee is hit by Nikita Zaitsev and loses puck.
8:42 of 2nd period - Slapshot by Olli Maatta.
8:42 of 2nd period - Stopped by Christopher Gibson without a rebound.
8:43 of 2nd period - Andrei Loktionov wins face-off versus Victor Rask in Flames zone.
8:48 of 2nd period - Snap shot by Zach Hyman.
8:48 of 2nd period - Stopped by Christopher Gibson with a rebound.
8:50 of 2nd period - Wrist shot by Marcus Johansson.
8:50 of 2nd period - Shot Misses the Net.
8:52 of 2nd period - Slapshot by Andrei Loktionov.
8:52 of 2nd period - Stopped by Christopher Gibson without a rebound.
8:53 of 2nd period - Patrik Berglund wins face-off versus Logan Couture in Flames zone.
9:02 of 2nd period - Snap shot by Tanner Pearson.
9:02 of 2nd period - Stopped by Ebbe Siönäs with a rebound.
10:07 of 2nd period - Wrist shot by Logan Couture.
10:07 of 2nd period - Shot Blocked by Colby Robak.
10:34 of 2nd period - Snap shot by Jimmy Hayes.
10:34 of 2nd period - Shot Misses the Net.
10:36 of 2nd period - Snap shot by Rasmus Andersson.
10:36 of 2nd period - Deflect By Andrei Loktionov.
10:36 of 2nd period - Stopped by Ebbe Siönäs with a rebound.
10:54 of 2nd period - Jalen Chatfield is hit by Kevin Labanc and loses puck.
11:34 of 2nd period - Erik Johnson is hit by Logan Couture.
11:39 of 2nd period - Off-side.
11:40 of 2nd period - Eric Staal wins face-off versus Andrei Loktionov in neutral zone.
12:53 of 2nd period - Jamie Oleksiak is hit by Erik Johnson and loses puck.
13:24 of 2nd period - Zach Hyman is hit by Sami Vatanen and loses puck.
14:19 of 2nd period - Tanner Pearson is hit by JT Compher and loses puck.
14:38 of 2nd period - Wrist shot by Christian Folin.
14:38 of 2nd period - Goal by Christian Folin - Flames : 4 - Kraken : 2.
14:39 of 2nd period - Ryan Nugent-Hopkins wins face-off versus Eric Staal in neutral zone.
14:56 of 2nd period - Snap shot by Jake DeBrusk.
14:56 of 2nd period - Stopped by Ebbe Siönäs with a rebound.
15:48 of 2nd period - Off-side.
15:49 of 2nd period - Eric Staal wins face-off versus Kyle Rau in neutral zone.
16:28 of 2nd period - Slapshot by Nikita Zaitsev.
16:28 of 2nd period - Deflect By JT Compher.
16:28 of 2nd period - Stopped by Christopher Gibson with a rebound.
16:42 of 2nd period - Snap shot by Kyle Rau.
16:42 of 2nd period - Stopped by Christopher Gibson with a rebound.
16:44 of 2nd period - Wrist shot by Victor Olofsson.
16:44 of 2nd period - Shot Misses the Net.
16:46 of 2nd period - Snap shot by Victor Olofsson.
16:46 of 2nd period - Shot Blocked by Sami Vatanen.
16:48 of 2nd period - Snap shot by JT Compher.
16:48 of 2nd period - Shot Blocked by Matthew Nieto.
16:50 of 2nd period - Wrist shot by Kyle Rau.
16:50 of 2nd period - Shot Misses the Net.
16:52 of 2nd period - Slapshot by Kyle Rau.
16:52 of 2nd period - Shot Misses the Net.
16:54 of 2nd period - Snap shot by Nikita Zaitsev.
16:54 of 2nd period - Stopped by Christopher Gibson with a rebound.
17:12 of 2nd period - Snap shot by Victor Olofsson.
17:12 of 2nd period - Shot Misses the Net.
17:14 of 2nd period - Slapshot by Nikita Zaitsev.
17:14 of 2nd period - Deflect By Kevin Labanc.
17:14 of 2nd period - Stopped by Christopher Gibson with a rebound.
17:16 of 2nd period - Snap shot by Kyle Rau.
17:16 of 2nd period - Stopped by Christopher Gibson without a rebound.
17:17 of 2nd period - Eric Staal wins face-off versus Ryan Nugent-Hopkins in Flames zone.
17:24 of 2nd period - Snap shot by Eric Staal.
17:24 of 2nd period - Shot Blocked by Zach Bogosian.
17:45 of 2nd period - Off-side.
17:46 of 2nd period - Andrei Loktionov wins face-off versus Evgeny Svechnikov in neutral zone.
17:50 of 2nd period - Minor Penalty to Colby Robak for Holding.
17:51 of 2nd period - Andrei Loktionov wins face-off versus Patrik Berglund in Flames zone.
18:24 of 2nd period - Patrik Berglund is hit by Nikita Zaitsev and loses puck.
18:49 of 2nd period - Snap shot by Eric Staal.
18:49 of 2nd period - Stopped by Ebbe Siönäs with a rebound.
18:51 of 2nd period - Slapshot by Sami Vatanen.
18:51 of 2nd period - Stopped by Ebbe Siönäs without a rebound.
18:52 of 2nd period - Andrei Loktionov wins face-off versus Eric Staal in Kraken zone.
19:49 of 2nd period - Bryan Rust is hit by Brendan Gallagher and loses puck.
19:50 of 2nd period - Penalty to Colby Robak is over, Colby Robak is back on ice.
Goals for this period are 2 for Flames vs 1 for Kraken.
Shots for this period are 17 for Flames vs 11 for Kraken.
3rd period
0:01 of 3rd period - Ryan Nugent-Hopkins wins face-off versus Eric Staal in neutral zone.
0:26 of 3rd period - Jimmy Hayes is hit by Zach Hyman and loses puck.
0:47 of 3rd period - Wrist shot by Patrik Berglund.
0:47 of 3rd period - Stopped by Ebbe Siönäs with a rebound.
2:04 of 3rd period - Wrist shot by Marcus Johansson.
2:04 of 3rd period - Shot Misses the Net.
2:36 of 3rd period - Snap shot by Esa Lindell.
2:36 of 3rd period - Stopped by Ebbe Siönäs without a rebound.
2:37 of 3rd period - Victor Rask wins face-off versus Kyle Rau in Kraken zone.
2:46 of 3rd period - Slapshot by Erik Gudbranson.
2:46 of 3rd period - Deflect By Colby Robak.
2:46 of 3rd period - Stopped by Christopher Gibson with a rebound.
3:04 of 3rd period - Ryan Nugent-Hopkins is hit by Jake DeBrusk and loses puck.
3:32 of 3rd period - Andrei Loktionov is hit by Jimmy Hayes.
3:39 of 3rd period - Icing by Sami Vatanen.
3:40 of 3rd period - Patrik Berglund wins face-off versus Brendan Lemieux in Flames zone.
4:17 of 3rd period - Wrist shot by Marcus Johansson.
4:17 of 3rd period - Stopped by Christopher Gibson without a rebound.
4:18 of 3rd period - Eric Staal wins face-off versus Logan Couture in Flames zone.
4:37 of 3rd period - Jake DeBrusk is hit by Tyler Bertuzzi and loses puck.
5:04 of 3rd period - Minor Penalty to Esa Lindell for Close Hand On Puck.
5:05 of 3rd period - Patrik Berglund wins face-off versus Brendan Gallagher in Flames zone.
5:31 of 3rd period - Erik Johnson is hit by Andrei Loktionov and loses puck.
5:42 of 3rd period - Slapshot by Zach Bogosian.
5:42 of 3rd period - Shot Misses the Net.
6:06 of 3rd period - Slapshot by Sami Vatanen.
6:06 of 3rd period - Deflect By Anders Lee.
6:06 of 3rd period - Shot Misses the Net.
6:06 of 3rd period - Puck is out of play.
6:07 of 3rd period - Ryan Nugent-Hopkins wins face-off versus Anders Lee in Kraken zone.
6:07 of 3rd period - Ryan Nugent-Hopkins is hit by Anders Lee.
6:17 of 3rd period - Wrist shot by Colby Robak.
6:17 of 3rd period - Stopped by Ebbe Siönäs without a rebound.
6:18 of 3rd period - Patrik Berglund wins face-off versus Andrei Loktionov in Kraken zone.
6:45 of 3rd period - Nikita Zaitsev is hit by Bryan Rust.
7:04 of 3rd period - Penalty to Esa Lindell is over, Esa Lindell is back on ice.
7:10 of 3rd period - Slapshot by Matthew Nieto.
7:10 of 3rd period - Stopped by Ebbe Siönäs without a rebound.
7:11 of 3rd period - Zach Hyman wins face-off versus Victor Rask in Kraken zone.
7:11 of 3rd period - Zach Hyman is hit by Matthew Nieto.
7:17 of 3rd period - Snap shot by Zach Bogosian.
7:17 of 3rd period - Stopped by Christopher Gibson with a rebound.
7:19 of 3rd period - Snap shot by Andrei Loktionov.
7:19 of 3rd period - Deflect By Zach Hyman.
7:19 of 3rd period - Stopped by Christopher Gibson without a rebound.
7:20 of 3rd period - Ryan Nugent-Hopkins wins face-off versus Eric Staal in Flames zone.
7:22 of 3rd period - Minor Penalty to Colby Robak for Roughing.
7:23 of 3rd period - Patrik Berglund wins face-off versus Andrei Loktionov in Flames zone.
7:45 of 3rd period - Major Penalty to Andrei Loktionov for Kneeing.
7:46 of 3rd period - Logan Couture wins face-off versus Eric Staal in Kraken zone.
7:57 of 3rd period - Wrist shot by Tyler Bertuzzi.
7:57 of 3rd period - Stopped by Christopher Gibson with a rebound.
9:22 of 3rd period - Penalty to Colby Robak is over, Colby Robak is back on ice.
10:53 of 3rd period - Nikita Zaitsev is hit by Evgeny Svechnikov and loses puck.
12:45 of 3rd period - Penalty to Andrei Loktionov is over, Andrei Loktionov is back on ice.
12:51 of 3rd period - Snap shot by Andrei Loktionov.
12:51 of 3rd period - Shot Misses the Net.
12:53 of 3rd period - Snap shot by Jalen Chatfield.
12:53 of 3rd period - Shot Blocked by Matthew Nieto.
12:55 of 3rd period - Slapshot by Jalen Chatfield.
12:55 of 3rd period - Stopped by Christopher Gibson with a rebound.
14:04 of 3rd period - Christian Folin is hit by Kyle Rau and loses puck.
14:55 of 3rd period - Tyler Bertuzzi is hit by Bryan Rust and loses puck.
15:11 of 3rd period - Ryan Nugent-Hopkins is hit by Victor Rask and loses puck.
15:18 of 3rd period - Victor Rask is hit by Ryan Nugent-Hopkins and loses puck.
15:50 of 3rd period - Andrei Loktionov is hit by Patrik Berglund and loses puck.
16:01 of 3rd period - Olli Maatta is hit by Evgeny Svechnikov and loses puck.
16:17 of 3rd period - Erik Gudbranson is hit by Colby Robak and loses puck.
16:28 of 3rd period - Logan Couture is hit by Jake DeBrusk and loses puck.
17:07 of 3rd period - Wrist shot by Logan Couture.
17:07 of 3rd period - Deflect By Gustav Nyquist.
17:07 of 3rd period - Shot Misses the Net.
17:07 of 3rd period - Puck is out of play.
17:08 of 3rd period - Eric Staal wins face-off versus Ryan Nugent-Hopkins in Flames zone.
17:13 of 3rd period - Brendan Gallagher is hit by Christian Folin.
17:37 of 3rd period - Tanner Pearson is hit by Andrei Loktionov and loses puck.
17:49 of 3rd period - Rasmus Andersson is hit by Zach Hyman.
18:13 of 3rd period - Erik Gudbranson is hit by Kevin Labanc and loses puck.
18:53 of 3rd period - Snap shot by Jimmy Hayes.
18:53 of 3rd period - Goal by Jimmy Hayes - Flames : 5 - Kraken : 2.
18:54 of 3rd period - Eric Staal wins face-off versus Logan Couture in neutral zone.
19:31 of 3rd period - Off-side.
19:32 of 3rd period - Eric Staal wins face-off versus Andrei Loktionov in neutral zone.
19:41 of 3rd period - Slapshot by Eric Staal.
19:41 of 3rd period - Stopped by Ebbe Siönäs with a rebound.
19:43 of 3rd period - Snap shot by Jake DeBrusk.
19:43 of 3rd period - Stopped by Ebbe Siönäs with a rebound.
19:45 of 3rd period - Slapshot by Erik Johnson.
19:45 of 3rd period - Stopped by Ebbe Siönäs with a rebound.
19:59 of 3rd period - Sami Vatanen is hit by Ryan Nugent-Hopkins and loses puck.
Goals for this period are 1 for Flames vs 0 for Kraken.
Shots for this period are 8 for Flames vs 6 for Kraken.